 Dungeon Crawl Stone Soup version 0.23-a0-639-ga9a3373 (console) character file.

137 Duffy the Firebug (level 5, 35/35 HPs)
             Began as a Demonspawn Fire Elementalist on Dec 29, 2018.
             Was an Initiate of Vehumet.
             Quit the game on level 3 of the Dungeon.
             The game lasted 00:03:38 (3446 turns).

Duffy the Firebug (Demonspawn Fire Elementalist)    Turns: 3446, Time: 00:03:38

Health: 35/35      AC:  2    Str:  9    XL:     5   Next: 0%
Magic:  5/9        EV: 12    Int: 17    God:    Vehumet [......]
Gold:   109        SH:  0    Dex: 13    Spells: 2/10 levels left

rFire    . . .     SeeInvis .   (no weapon)
rCold    . . .     Gourm    .   (no shield)
rNeg     . . .     Faith    .   a - +0 robe
rPois    .         Spirit   .   (no helmet)
rElec    .         Reflect  .   (no cloak)
rCorr    .         Harm     .   (no gloves)
MR       .....                  (no boots)
Stlth    ++........             (no amulet)
HPRegen  2.11/turn              b - ring of wizardry
MPRegen  0.11/turn              (no ring)

@: no status effects
A: demonic guardian 1, powered by death 2
a: Renounce Religion


You were on level 3 of the Dungeon.
You worshipped Vehumet.
Vehumet was noncommittal.
You were not hungry.

You visited 1 branch of the dungeon, and saw 3 of its levels.

You collected 109 gold pieces.

Inventory:

Armour
 a - a +0 robe (worn)
Jewellery
 b - a ring of wizardry (left hand)
Wands
 n - a wand of acid (9)
Scrolls
 i - 2 scrolls of magic mapping {unknown}
 k - 2 scrolls of fog {unknown}
 l - 2 scrolls of remove curse {unknown}
 o - 3 scrolls of identify {unknown}
Potions
 d - a potion of flight {unknown}
 e - a potion of agility {unknown}
 f - 3 potions of berserk rage {unknown}
 g - a potion of ambrosia {unknown}
 h - a potion of mutation {unknown}
 j - a potion of magic {unknown}
Comestibles
 c - a ration
 m - a chunk of flesh


   Skills:
 - Level 1.7 Dodging
 - Level 1.7 Stealth
 - Level 3.0 Spellcasting
 + Level 3.2 Conjurations
 - Level 3.5 Fire Magic


You had 2 spell levels left.
You knew the following spells:

 Your Spells              Type           Power        Failure   Level  Hunger
h - Flame Tongue          Conj/Fire      ##...        1%          1    None
j - Sticky Flame          Conj/Fire      ##......     17%         4    ####...
l - Conjure Flame         Conj/Fire      ##......     5%          3    ###....

Your spell library contained the following spells:

 Spells                   Type           Power        Failure   Level  Hunger
 Throw Flame              Conj/Fire      ##....       2%          2    ##.....
 Inner Flame              Hex/Fire       #.......     11%         3    ###....
 Fireball                 Conj/Fire      ##........   43%         5    ######.


Dungeon Overview and Level Annotations

Branches:
Dungeon (3/15)

Altars:
Makhleb
Vehumet


Innate Abilities, Weirdness & Mutations

A weak demonic guardian rushes to your aid.
You regenerate health from kills.


Message History

The hobgoblin shouts!
Casting: Flame Tongue (safe; 1% risk of failure)
Confirm with . or Enter, or press ? or * to list all spells.
Aiming: Flame Tongue (safe; 1% risk of failure)
Press: ? - help, Shift-Dir - straight line, f/p - hobgoblin
Aim: a hobgoblin, wielding a +0 club (severely wounded)
The flame tongue hits the hobgoblin.
The hobgoblin is almost dead.
Casting: Flame Tongue (safe; 1% risk of failure)
Confirm with . or Enter, or press ? or * to list all spells.
Aiming: Flame Tongue (safe; 1% risk of failure)
Press: ? - help, Shift-Dir - straight line, f/p - hobgoblin
Aim: a hobgoblin, wielding a +0 club (almost dead)
The flame tongue hits the hobgoblin.
You kill the hobgoblin!
Vehumet accepts your kill.
You have reached level 5!
Your demonic ancestry asserts itself...
You feel the presence of a demonic guardian.
Are you sure you want to abandon this character and quit the game? (Confirm

##########
#########........#
..........######(#
########### #.# #
#.# # #@# # #.# #
.)# ####### #.##
....... .. ....###
##. ###.# #. ###.#
#. ..#.#


There were no monsters in sight!

Vanquished Creatures
  3 gnolls (D:2)
  2 adders (D:2)
  An ooze (D:3)
  A worm (D:3)
  3 dart slugs
  2 leopard geckos
  9 bats
  2 giant cockroaches (D:3)
  5 goblins
  4 hobgoblins
  20 jackals
  4 quokkas (D:2)
  2 frilled lizards (D:2)
  3 kobolds (D:1)
  7 rats
68 creatures vanquished.

Notes
Turn   | Place    | Note
-------+----------+-------------------------------------------
     0 | D:1      | Duffy the Demonspawn Fire Elementalist began the quest for
                  | the Orb.
     0 | D:1      | Reached XP level 1. HP: 13/13 MP: 3/3
   280 | D:1      | Gained mutation: You regenerate a little health from kills.
                  | [demonic ancestry]
   280 | D:1      | Reached XP level 2. HP: 19/19 MP: 3/5
   877 | D:1      | Reached XP level 3. HP: 22/24 MP: 0/6
   882 | D:1      | Learned a level 3 spell: Conjure Flame
  2059 | D:2      | Gained mutation: You regenerate health from kills. [demonic
                  | ancestry]
  2059 | D:2      | Reached XP level 4. HP: 28/30 MP: 3/8
  2315 | D:2      | Found a burning altar of Makhleb.
  2315 | D:2      | Found a radiant altar of Vehumet.
  2366 | D:2      | Became a worshipper of Vehumet
  2836 | D:3      | Learned a level 4 spell: Sticky Flame
  3445 | D:3      | Gained mutation: A weak demonic guardian rushes to your
                  | aid. [demonic ancestry]
  3445 | D:3      | Reached XP level 5. HP: 35/35 MP: 5/9
  3446 | D:3      | Quit the game

Vault maps used:
D:1:      elethiomel_arrival_infinity_welcomes_careful_drivers, minmay_tripent
D:2:      gammafunk_temple_overflow_wave
D:3:      nemelex_dance_club_becter

Skill      XL: |  1  2  3  4 |
---------------+-------------+-----
Fire Magic     | 3 |  3.5
Conjurations   | 2 3 |  3.2
Spellcasting   | 3 |  3.0
Dodging        | |  1.7
Stealth        | |  1.7

Action                   |  1- 3 |  4- 6 || total
-------------------------+-------+-------++-------
 Cast: Flame Tongue      |    83 |    58 ||   141
       Conjure Flame     |     1 |       ||     1
  Eat: Chunk             |     3 |     5 ||     8
Armor: Robe              |    14 |     6 ||    20
Dodge: Dodged            |    53 |    27 ||    80

Table legend:
 A = Non-vault XP
 B = Vault XP
 C = Vault XP percentage of total XP
 D = Non-vault monster count
 E = Vault monster count
 F = Vault count percentage of total count
                 A         B        C        D         E       F
            +---------+---------+-------+---------+---------+-------
      Total |     192 |       4 |   2.0 |      66 |       2 |   2.9
            +---------+---------+-------+---------+---------+-------
        D:1 |      49 |       4 |   7.5 |      25 |       2 |   7.4
        D:2 |     102 |       0 |   0.0 |      25 |       0 |   0.0
        D:3 |      41 |       0 |   0.0 |      16 |       0 |   0.0
            +---------+---------+-------+---------+---------+-------
